 Dungeon Crawl Stone Soup version 0.29.0-11-gd7f09526c8 (webtiles) character file.

Game seed: 15322854463578088221

89363 Flugkiller the Executioner (level 15, -25/143 HPs)
             Began as a Minotaur Fighter on Sept 4, 2022.
             Was a High Priest of Okawaru.
             Hit by a large rock thrown by a cyclops (30 damage)
             ... on level 15 of the Dungeon.
             The game lasted 00:11:58 (22804 turns).

Flugkiller the Executioner (Minotaur Fighter)      Turns: 22804, Time: 00:11:59

Health: -25/143    AC: 30    Str: 30    XL:     15   Next: 49%
Magic:  22/22      EV: 11    Int:  6    God:    Okawaru [*****.]
Gold:   1539       SH:  8    Dex: 17    Spells: 14/14 levels left

rFire   . . .      SeeInvis .   A - +0 broad axe (flame)
rCold   . . .      Faith    .   Q - +2 buckler
rNeg    . . .      Spirit   .   H - +0 plate armour
rPois   +          Reflect  .   O - +2 hat
rElec   .          Harm     .   x - +1 cloak
rCorr   +          Rampage  .   R - +0 pair of fencer's gloves {Riposte Dex+3}
Will    .....                   M - +2 pair of boots of Jading {Will- Str+5}
Stlth   ..........              u - amulet of regeneration
HPRegen 1.13/turn               k - ring of resist corrosion
MPRegen 0.18/turn               o - ring of poison resistance

@: heroic, slowed, very slow
A: horns 2, retaliatory headbutt, strong 1, MP-powered wands
a: Renounce Religion, Heroism, Finesse, Duel


You were on level 15 of the Dungeon.
You worshipped Okawaru.
Okawaru was extremely pleased with you.
You visited 3 branches of the dungeon, and saw 21 of its levels.
You also visited: Sewer and Ice Cave.

You collected 1769 gold pieces.
You spent 230 gold pieces at shops.

Inventory:

Hand Weapons
 A - a +0 broad axe of flaming (weapon)
   (You took it off Maggie on level 8 of the Dungeon)
 G - a +0 rapier of distortion
   (You took it off a spriggan on level 5 of the Lair of Beasts)
Missiles
 j - 24 boomerangs (quivered)
 F - 4 throwing nets
Armour
 x - a +1 cloak (worn)
   (You found it on level 5 of the Dungeon)
 H - a +0 plate armour (worn)
   (You bought it in a shop on level 2 of the Dungeon)
 K - +0 ice dragon scales
   (You found it in an ice cave)
 M - the +2 pair of boots of Jading (worn) {Will- Str+5}
   (Okawaru gifted it to you on level 2 of the Lair of Beasts)

   Str:       It affects your strength (+5).
   Will:      It decreases your willpower.
 O - a +2 hat (worn)
   (You took it off Gastronok on level 3 of the Lair of Beasts)
 Q - a +2 buckler (worn)
   (You took it off a tengu conjurer on level 14 of the Dungeon)
 R - the +0 pair of fencer's gloves (worn) {Riposte Dex+3}
   (Okawaru gifted it to you on level 5 of the Lair of Beasts)

   It allows the wearer to riposte with melee weapons, swiftly retaliating
   against missed or blocked melee attacks.
   Dex:       It affects your dexterity (+3).
Jewellery
 k - a ring of resist corrosion (left hand)
   (You found it on level 1 of the Dungeon)
 m - a ring of positive energy
   (You found it on level 14 of the Dungeon)
 o - a ring of poison resistance (right hand)
   (You found it on level 1 of the Dungeon)
 u - an amulet of regeneration (around neck)
   (You found it on level 8 of the Dungeon)
 D - the amulet of the Four Winds {rN+ Will+++ Clar}
   (You found it on level 6 of the Dungeon)

   [amulet of nothing]

   rN:        It protects you from negative energy.
   Clar:      It protects you against confusion.
   Will:      It greatly increases your willpower.
Wands
 c - a wand of light (11)
   (You found it on level 6 of the Dungeon)
 g - a wand of digging (4)
   (You found it on level 8 of the Dungeon)
 i - a wand of mindburst (1)
   (You found it on level 13 of the Dungeon)
 E - a wand of iceblast (12)
   (You found it on level 7 of the Dungeon)
Scrolls
 a - 4 scrolls of vulnerability
 l - 2 scrolls of magic mapping
 r - 4 scrolls of identify
 t - 2 scrolls of teleportation
 v - 2 scrolls of immolation
 y - 3 scrolls of fog
 z - a scroll of blinking
 C - 3 scrolls of brand weapon
 N - a scroll of silence
 P - 2 scrolls of fear
Potions
 b - 3 potions of flight
 d - 4 potions of might
 e - 3 potions of cancellation
 f - 2 potions of mutation
 h - 2 potions of haste
 n - 3 potions of resistance
 q - 13 potions of curing
 s - 5 potions of ambrosia
 w - 3 potions of heal wounds
 B - 2 potions of magic
 J - 2 potions of lignification
 L - 2 potions of berserk rage
Miscellaneous
 I - a piece from Xom's chessboard (15/15)
   (You found it on level 11 of the Dungeon)


   Skills:
 + Level 15.9(20.9) Fighting
 * Level 21.4(26.4) Axes
 + Level 15.8(20.8) Armour
 - Level 3.6(8.6) Shields
 - Level 11.0 Invocations


You had 14 spell levels left.
You didn't know any spells.
Your spell library was empty.

Dungeon Overview and Level Annotations

Branches:
Dungeon (15/15)            Temple (1/1) D:6            Lair (5/5) D:8
  Swamp (0/4) Lair:2        Snake (0/4) Lair:2        Slime (0/5) Lair:5
    Orc (0/2) D:10         Vaults (0/5) D:14          Sewer (visited)
  IceCv (visited)
 Depths: D:15

Altars:
Ashenzari
Dithmenos
Fedhas
Gozag
Hepliaklqana
Kikubaaqudgha
Makhleb
Nemelex Xobeh
Okawaru
Ru
Trog
Uskayaw
Wu Jian
Xom
Yredelemnul
Zin
The Shining One
Lugonu

Shops:
D:2 [

Portals:
Abyss: Lair:5

Annotations:
D:12 2 runed translucent doors, Neel Ube's ghost, journeyman FoFi
Lair:3 1 runed translucent door, Sadonosm's ghost, journeyman DgSk


Innate Abilities, Weirdness & Mutations

You have a pair of horns on your head.
You reflexively headbutt those who attack you in melee.
Your muscles are strong. (Str +4, Int/Dex -1)
You expend magic power (3 MP) to strengthen your wands.


Message History

There is an open door here.
You open the door.
There is an open door here.
There is an open door here.
There is an open door here.
There is an open door here.
As you open the door, it creaks loudly!
There is an open door here.
You see here a +0 troll leather armour.
There is an open door, spattered with blood here.
You open the door.
There is an open door here.
Found a stone staircase leading up.
There is an open door here.
You open the door.
There is an open door here.
You see here a scroll of noise.
There is an open door here.
Done exploring.
You are a level 15 Minotaur Fighter.
You are 49% of the way to level 16.
Play time: 00:11:53 (22714 turns).
Zot will find you in 25846 turns if you stay in this branch and explore no new floors.
Unknown command.
Done exploring.
Done exploring.
(D) Dungeon (T) Temple (L) Lair (S) Swamp (P) Snake Pit (M) Slime Pits (O) Orcish Mines (V) Vaults
Where to? (Enter - D:13, ? - help)
There is an open door here.
There is an open door here.
There is a stone staircase leading down here.
You climb downwards.
There is a stone staircase leading up here.
Unknown command.
You open the door.
There is an open door here.
You open the door.
There is an open door here.
A death knight comes into view. It is wielding a +4 battleaxe.
The death knight shouts!
A freezing wraith comes into view.
There are monsters nearby!
There are monsters nearby!
There are monsters nearby!
The death knight calls down the wrath of Yredelemnul upon you.
Your body is wracked with pain!
A freezing wraith comes into view.
The death knight offers itself to Yredelemnul, and fills with unholy energy.
A phantasmal warrior comes into view.
The phantasmal warrior gestures at you.
The phantasmal warrior blinks!
The death knight hits you but does no damage.
You slice the death knight!! You burn the death knight!
You headbutt the death knight, but do no damage.
The death knight is moderately wounded.
The death knight reflects your damage back at you!
You slice the death knight!! You burn the death knight!
The death knight is almost dead.
The death knight reflects your damage back at you!
* * * LOW HITPOINT WARNING * * *
The phantasmal warrior gestures at you.
The phantasmal warrior blinks!
The death knight hits you with a +4 battleaxe!!
* * * LOW HITPOINT WARNING * * *
You gain the combat prowess of a mighty hero.
The freezing wraith barely misses you. You furiously retaliate!
You headbutt the freezing wraith, but do no damage.
The freezing wraith hits you.
* * * LOW HITPOINT WARNING * * *
The freezing wraith drains your vigour!
You feel yourself slow down.
The death knight hits you but does no damage.
Unknown command.
As you read the scroll of teleportation, it crumbles to dust.
You feel strangely unstable. The phantasmal warrior gestures at you.
The phantasmal warrior blinks!
The freezing wraith hits you but does no damage.
You block the freezing wraith's attack.
You riposte.
You hit the freezing wraith but do no damage.
You barely miss the death knight.
A wraith comes into view.
The death knight hits you but does no damage.
Unknown command.
The death knight's dark mirror aura disappears.
The phantasmal warrior gestures at you.
The phantasmal warrior blinks!
The freezing wraith closely misses you.
The freezing wraith hits you but does no damage.
The death knight calls down the wrath of Yredelemnul upon you.
Your body is wracked with pain!
* * * LOW HITPOINT WARNING * * *
Your surroundings suddenly seem different.
A cyclops comes into view.
Found a wand of flame (8) and 15 gold pieces.
The cyclops shouts!
Unknown command.
Found a scroll of identify.
The cyclops throws a large rock.
The large rock hits you!
* * * LOW HITPOINT WARNING * * *
The cyclops throws a large rock.
The large rock hits you!!
You die...

..................#......
..................W...#..
..?..............####....
.................. ##+##
.......C..........
...#...##.....#./
#...##.....# +..........#
#...@......# #..........#
#####+###### ### ... ...
... ...


You could see a cyclops.

Vanquished Creatures
  Jorgrun (D:12)
  Gastronok (Lair:3)
  Kirke (Lair:3)
  Nessos (Lair:3)
  Snorg (Lair:5)
  A vault guard (D:14)
  2 ice dragons (IceCv)
  3 boulder beetles
  A catoblepas (Lair:5)
  Harold (D:10)
  Fannar (Lair:3)
  4 hydras
  6 centaur warriors
  An ironbound frostheart (IceCv)
  A tengu warrior (D:14)
  4 two-headed ogres
  13 death yaks
  Sonja (D:12)
  3 thrashing horrors (Lair:5)
  A spriggan simulacrum (D:14)
  A wizard (D:14)
  2 necromancers (D:14)
  7 ugly things
  4 cyclopes
  12 slime creatures
  A manticore (D:11)
  8 elephants
  3 torpor snails (Lair:5)
  A gargoyle (D:12)
  Maggie (D:8)
  2 black mambas
  11 cane toads
  5 rime drakes
  A tengu conjurer (D:14)
  7 komodo dragons
  3 unseen horrors
  An efreet (D:14)
  2 kobold demonologists (D:13)
  2 ancient zymes (Lair:5)
  4 trolls
  3 meliai (D:13)
  A burning bush (Lair:2)
  10 polar bears
  11 dream sheep (Lair:5)
  28 blink frogs
  12 small abominations (Lair:5)
  7 ynoxinuls (Lair:5)
  2 shadows
  2 spriggans (Lair:5)
  Sigmund (D:2)
  21 humans (D:14)
  6 wyverns
  5 hogs (Lair:3)
  3 basilisks
  44 yaks
  Grum (D:8)
  A steam dragon (D:7)
  11 vampire mosquitoes
  A minotaur simulacrum (D:14)
  3 swamp worms (Lair:2)
  2 harpy simulacra (D:14)
  4 nagas (Lair:2)
  A warg (D:10)
  An acid dragon (D:8)
  10 water moccasins
  3 black bears
  2 ice beasts
  A large abomination (Lair:5)
  6 orc warriors
  A sky beast (D:8)
  4 ogres
  29 wolves
  An alligator simulacrum (D:14)
  13 centaurs
  2 phantoms
  7 kobold brigands
  6 bullfrogs
  A necrophage (D:5)
  A gnoll sergeant (D:13)
  2 deep troll simulacra (D:14)
  3 scorpions
  A lindwurm simulacrum (D:14)
  5 killer bees (D:9)
  3 howler monkeys
  A jelly (D:5)
  12 hounds
  4 gnoll boudas
  7 orc priests
  Jessica (D:2)
  10 iguanas
  8 orc wizards
  4 hell rats (Lair:5)
  12 adders
  16 gnolls
  4 shadow imps
  4 white imps
  2 ufetubi
  5 worms
  5 dart slugs
  28 orcs
  10 endoplasms
  2 giant cockroaches
  14 hobgoblins
  4 jackals
  5 quokkas
  10 ball pythons
  6 bats
  4 frilled lizards
  4 goblins
  25 kobolds
  8 rats
623 creatures vanquished.

Vanquished Creatures (others)
  2 bushes (Lair:4)
  19 fungi
  75 plants
  2 withered plants (D:12)
98 creatures vanquished.

Grand Total: 721 creatures vanquished

Notes
Turn   | Place    | Note
-------+----------+-------------------------------------------
     0 | D:1      | Flugkiller the Minotaur Fighter began the quest for the
                  | Orb.
     0 | D:1      | Reached XP level 1. HP: 19/19 MP: 0/0
   239 | D:1      | Found a faded altar of an unknown god.
   243 | D:1      | Reached XP level 2. HP: 27/27 MP: 1/1
   261 | D:1      | Reached skill level 3 in Axes
  1136 | D:2      | Identified the +2 sling "Rummage" {vorpal, Int+3}
  1190 | D:2      | Reached XP level 3. HP: 33/33 MP: 2/2
  1221 | D:2      | Noticed Jessica
  1226 | D:2      | Killed Jessica
  1316 | D:2      | Reached skill level 4 in Axes
  1460 | D:2      | Found Yriwk's Armour Shoppe.
  1570 | D:2      | Noticed Sigmund
  1581 | D:2      | Found the +5 robe of Night {Dark Will+ SInv}
  1800 | D:3      | Reached XP level 4. HP: 41/41 MP: 3/3
  1906 | D:2      | Killed Sigmund
  1907 | D:2      | Reached skill level 5 in Fighting
  1907 | D:2      | Reached skill level 5 in Axes
  1907 | D:2      | Reached skill level 5 in Armour
  1907 | D:2      | Reached XP level 5. HP: 24/48 MP: 4/4
  2477 | D:3      | Reached XP level 6. HP: 54/56 MP: 5/5
  2508 | D:3      | Found a basalt altar of Yredelemnul.
  2508 | D:3      | Found a burning altar of Makhleb.
  2900 | D:3      | Found a broken altar of Ashenzari.
  3307 | D:4      | Reached skill level 6 in Axes
  3441 | D:4      | Found a hide-covered altar of Uskayaw.
  4317 | D:5      | Entered Level 5 of the Dungeon
  4597 | D:5      | Reached XP level 7. HP: 35/62 MP: 6/6
  4602 | D:5      | HP: 3/62 [centaur/arrow (5)]
  4604 | D:5      | HP: 1/62 [centaur (2)]
  4607 | D:5      | Reached skill level 7 in Axes
  5225 | D:5      | Reached skill level 8 in Axes
  5332 | D:5      | Identified the +1 ring mail of Utyfowk {Will++ Int+3}
  5626 | D:5      | Reached XP level 8. HP: 15/71 MP: 7/7
  6375 | D:6      | Reached skill level 9 in Axes
  6703 | D:6      | Found a staircase to the Ecumenical Temple.
  6710 | Temple   | Entered the Ecumenical Temple
  6752 | Temple   | Became a worshipper of Warmaster Okawaru
  6867 | D:6      | Found a glowing drain.
  6882 | Sewer    | Entered a sewer
  7023 | Sewer    | Reached skill level 1 in Invocations
  7592 | D:6      | Found the amulet of the Four Winds {rN+ Will+++ Clar}
  7636 | D:6      | Reached * piety under Okawaru
  7637 | D:6      | Reached skill level 10 in Axes
  7750 | D:6      | Reached XP level 9. HP: 81/81 MP: 9/9
  9079 | D:7      | Found a shadowy altar of Dithmenos.
  9079 | D:7      | Found a sparkling altar of Nemelex Xobeh.
  9081 | D:7      | Found a blossoming altar of Fedhas.
  9144 | D:7      | Reached skill level 11 in Axes
  9216 | D:7      | Noticed a troll
  9230 | D:7      | Killed a troll
  9230 | D:7      | Reached ** piety under Okawaru
  9934 | D:7      | Found a shimmering altar of Xom.
 10274 | D:8      | Noticed Maggie
 10283 | D:8      | Killed Maggie
 10283 | D:8      | Reached *** piety under Okawaru
 10284 | D:8      | Reached XP level 10. HP: 49/91 MP: 12/12
 10635 | D:8      | Reached skill level 12 in Axes
 10684 | D:8      | Found an ancient bone altar of Kikubaaqudgha.
 11169 | D:8      | Noticed Grum
 11170 | D:8      | Noticed a death yak
 11172 | D:8      | Noticed a death yak
 11176 | D:8      | Noticed a death yak
 11604 | D:8      | Found a staircase to the Lair.
 11630 | D:8      | Killed a death yak
 11631 | D:8      | Reached skill level 5 in Invocations
 11637 | D:8      | Killed a death yak
 11637 | D:8      | Reached **** piety under Okawaru
 11641 | D:8      | Reached skill level 13 in Axes
 11641 | D:8      | Killed a death yak
 11642 | D:8      | Reached skill level 10 in Fighting
 11642 | D:8      | Reached skill level 10 in Armour
 11647 | D:8      | Killed Grum
 12029 | D:9      | Noticed a two-headed ogre
 12036 | D:9      | Killed a two-headed ogre
 12037 | D:9      | Reached XP level 11. HP: 101/101 MP: 11/14
 12072 | D:9      | Reached ***** piety under Okawaru
 12086 | D:9      | Received a gift from Okawaru
 12182 | D:9      | Found a sacrificial altar of Ru.
 12340 | D:9      | Found a hazy altar of Hepliaklqana.
 12466 | D:9      | Found an opulent altar of Gozag.
 12884 | D:2      | Bought a +0 plate armour for 230 gold pieces
 13080 | D:10     | Entered Level 10 of the Dungeon
 13088 | D:10     | Reached skill level 14 in Axes
 13277 | D:10     | Found a staircase to the Orcish Mines.
 13329 | D:10     | Noticed Harold
 13346 | D:10     | Killed Harold
 13475 | D:10     | Noticed a two-headed ogre
 13484 | D:10     | Killed a two-headed ogre
 13484 | D:10     | Received a gift from Okawaru
 13530 | D:10     | Found a glowing golden altar of the Shining One.
 13805 | D:11     | Noticed a two-headed ogre
 13813 | D:11     | Killed a two-headed ogre
 13864 | D:11     | Noticed an eight-headed hydra
 13865 | D:11     | Noticed a green ugly thing
 13873 | D:11     | Killed a five-headed hydra
 13873 | D:11     | Received a gift from Okawaru
 13875 | D:11     | Killed a green ugly thing
 13876 | D:11     | Reached skill level 15 in Axes
 13919 | D:11     | Noticed a two-headed ogre
 13927 | D:11     | Killed a two-headed ogre
 13962 | D:11     | Reached XP level 12. HP: 100/110 MP: 16/16
 14442 | D:11     | Gained mutation: You are frail. (-10% HP) [potion of
                  | mutation]
 14442 | D:11     | Gained mutation: Your muscles are strong. (Str +4, Int/Dex
                  | -1) [potion of mutation]
 14442 | D:11     | Gained mutation: You possess an exceptional clarity of
                  | mind. [potion of mutation]
 14442 | D:11     | Gained mutation: Your mind is acute. (Int +4, Str/Dex -1)
                  | [potion of mutation]
 14443 | D:11     | Lost mutation: You possess an exceptional clarity of mind.
                  | [potion of mutation]
 14443 | D:11     | Lost mutation: Your muscles are strong. (Str +4, Int/Dex
                  | -1) [potion of mutation]
 14443 | D:11     | Lost mutation: Your mind is acute. (Int +4, Str/Dex -1)
                  | [potion of mutation]
 14443 | D:11     | Gained mutation: Your flesh is heat resistant. (rF+)
                  | [potion of mutation]
 14443 | D:11     | Gained mutation: Your flesh is very heat resistant. (rF++)
                  | [potion of mutation]
 14444 | D:11     | Lost mutation: You are frail. (-10% HP) [potion of
                  | mutation]
 14444 | D:11     | Lost mutation: Your flesh is very heat resistant. (rF++)
                  | [potion of mutation]
 14444 | D:11     | Lost mutation: Your flesh is heat resistant. (rF+) [potion
                  | of mutation]
 14444 | D:11     | Gained mutation: You expend magic power (3 MP) to
                  | strengthen your wands. [potion of mutation]
 14444 | D:11     | Gained mutation: Your muscles are strong. (Str +4, Int/Dex
                  | -1) [potion of mutation]
 14542 | Lair:1   | Entered Level 1 of the Lair of Beasts
 14626 | Lair:1   | Identified the +0 buckler of Bicvatwi {rF+ Will- rCorr}
                  | (Okawaru gifted it to you on level 1 of the Lair of Beasts)
 14626 | Lair:1   | Received a gift from Okawaru
 14742 | Lair:1   | Reached skill level 16 in Axes
 14918 | Lair:1   | Noticed a four-headed hydra
 14925 | Lair:1   | Killed a one-headed hydra
 15004 | Lair:1   | Noticed a seven-headed hydra
 15014 | Lair:1   | Killed a three-headed hydra
 15630 | Lair:2   | You fall into a shaft and drop 1 floor!
 15630 | Lair:3   | Noticed Nessos
 15640 | Lair:3   | Killed Nessos
 15708 | Lair:3   | Reached skill level 17 in Axes
 15732 | Lair:3   | Noticed Fannar
 15738 | Lair:3   | Killed Fannar
 15739 | Lair:3   | Reached XP level 13. HP: 119/119 MP: 18/18
 15869 | Lair:3   | Noticed Kirke
 15887 | Lair:3   | Killed Kirke
 16108 | Lair:2   | Found a staircase to the Snake Pit.
 16186 | Lair:2   | Identified the +2 pair of boots of Jading {Will- Str+5}
                  | (Okawaru gifted it to you on level 2 of the Lair of Beasts)
 16186 | Lair:2   | Received a gift from Okawaru
 16489 | Lair:2   | Found a staircase to the Swamp.
 16843 | Lair:3   | Noticed Gastronok
 16857 | Lair:3   | Killed Gastronok
 16922 | Lair:3   | Found a runed translucent door.
 17090 | Lair:3   | Identified the +3 spear of Fate {freeze, rC++ Str+7 Dex+4}
 17090 | Lair:3   | Noticed Sadonosm's ghost (journeyman DgSk)
 17463 | Lair:4   | Reached skill level 18 in Axes
 18201 | Lair:5   | Entered Level 5 of the Lair of Beasts
 18387 | Lair:5   | Reached ****** piety under Okawaru
 18403 | Lair:5   | Reached skill level 10 in Invocations
 18513 | Lair:5   | Received a gift from Okawaru
 18513 | Lair:5   | Found the +0 pair of fencer's gloves {Riposte Dex+3}
 18607 | Lair:5   | Reached XP level 14. HP: 79/132 MP: 17/20
 18683 | Lair:5   | Noticed Snorg
 18701 | Lair:5   | Killed Snorg
 18702 | Lair:5   | Reached skill level 19 in Axes
 19402 | Lair:5   | Found a staircase to the Slime Pits.
 19535 | Lair:5   | Received a gift from Okawaru
 19749 | Lair:5   | Found a corrupted altar of Lugonu.
 19749 | Lair:5   | Found a one-way gate to the infinite horrors of the Abyss.
 20184 | D:12     | Noticed Jorgrun
 20192 | D:12     | Killed Jorgrun
 20203 | D:12     | Reached skill level 20 in Axes
 20290 | D:12     | Found a runed translucent door.
 20450 | D:12     | Noticed Sonja
 20457 | D:12     | Killed Sonja
 20533 | D:12     | Found a runed translucent door.
 20533 | D:12     | Noticed Neel Ube's ghost (journeyman FoFi)
 20550 | D:12     | Reached skill level 15 in Fighting
 20737 | D:12     | Reached skill level 15 in Armour
 21396 | D:13     | You fall into a shaft and drop 1 floor!
 21430 | D:14     | Reached XP level 15. HP: 131/141 MP: 19/22
 21646 | D:14     | Identified the +0 chain mail of Ethics {rF+ Int+4} (Okawaru
                  | gifted it to you on level 14 of the Dungeon)
 21646 | D:14     | Received a gift from Okawaru
 21722 | D:14     | Found a frozen archway.
 21724 | D:14     | HP: 6/141 [deep troll simulacrum (26)]
 21943 | IceCv    | Entered an ice cave
 22003 | IceCv    | Reached skill level 21 in Axes
 22065 | IceCv    | SKJFH
 22429 | D:14     | Found a gate to the Vaults.
 22747 | D:15     | Entered Level 15 of the Dungeon
 22802 | D:15     | HP: 1/143 [cyclops/large rock (17)]
 22804 | D:15     | Hit by a large rock thrown by a cyclops

Illustrated notes

#....#
#..#
#††##
##†D##
##[.#
##...#
##...##
#...##
#@..##
##†.†#
##...##
##.....##
#...∩...#
#.......#
##..∩..##
##...##
#####


Turn 22065 on IceCv: SKJFH

Levels and vault maps discovered:
D:1:      eino_arrival_water_star, layout_basic,
          hellmonk_ecumenical_altar_slurped_away, serial_curves, eino_curves_02,
          eino_curves_03
D:2:      layout_basic, serial_shops, nicolae_diamond_shop, uniq_sigmund,
          uniq_jessica
D:3:      layout_loops_cross, nicolae_ashenzari_panopticon,
          mainiacjoe_overflow_divided_tiny, minmay_shallow_snake_nest
D:4:      layout_layer_cave, mainiacjoe_overflow_brackets
D:5:      minmay_polygon_palace, layout_basic
D:6:      kennysheep_housing_project, layout_basic, minmay_temple_entry_ruins,
          portal_sewer_entry_d
D:7:      layout_basic, nicolae_overflow_hidden_temple,
          gammafunk_temple_overflow_forgotten, hex_tiny
D:8:      layout_gridville, mainiacjoe_overflow_surrounded_room,
          dpeg_lair_monsters, uniq_maggie, uniq_grum
D:9:      layout_cave_pools, worldfamousw_hep_ancestral_shrine,
          nicolae_ru_path_of_blood, mainiacjoe_overflow_alcove_2
D:10:     layout_rooms, tso_metal_star, david_orc_3, uniq_harold
D:11:     layout_long_grid
D:12:     layout_roguey, gammafunk_ghost_grave, kennysheep_treasure_room,
          uniq_jorgrun, uniq_sonja
D:13:     layout_loops_ring
D:14:     layout_irregular_city, grunt_vaults_entry_tiered,
          portal_ice_cave_entry_ice_simulacra, grunt_decor_junction,
          kennysheep_generic_room_2
D:15:     gammafunk_enter_depths_forms, layout_stronghold, wad_floor_pattern_2
Temple:   hellmonk_temple_beads
Lair:1:   layout_cellular_growth, chequers_serial_rivers_small_3,
          serial_bayou_pond_d, grunt_forest_large_clearings
Lair:2:   layout_gridlike, minmay_swamp_entry_worms,
          minmay_snake_entry_guardpost_small, evilmike_ambush
          [evilmike_ambush_outer_pillars, evilmike_ambush_inner_basic]
Lair:3:   layout_long_grid, ebering_ghost_funeral_grove, uniq_gastronok,
          uniq_nessos, uniq_fannar, uniq_kirke
Lair:4:   layout_small_grid, serial_forest, infiniplex_forest_clump_small,
          infiniplex_forest_lined_2, infiniplex_forest_lined_2,
          infiniplex_forest_lined_4_way, infiniplex_forest_side_room,
          infiniplex_forest_clump_medium
Lair:5:   hellmonk_lair_end_abyssal_woods, layout_small_grid,
          dpeg_slime_entry_enclosed, uniq_snorg

Skill      XL: |  1  2  3  4  5  6  7  8  9 10 11 12 13 14 15 |
---------------+----------------------------------------------+-----
Axes           | 3 4 5 6 8 10 11 13 15 17 18 20 21 | 21.4
Fighting       | 4 5 6 7 9 10 11 12 14 15 | 15.9
Armour         | 4 5 6 7 9 10 11 12 13 15 | 15.8
Invocations    | 1 4 5 7 8 10 11 | 11.0
Shields        | |  3.6

Action                   |  1- 3 |  4- 6 |  7- 9 | 10-12 | 13-15 || total
-------------------------+-------+-------+-------+-------+-------++-------
Melee: War axe           |    78 |   117 |   381 |       |       ||   576
       Headbutt          |     8 |    19 |    79 |   102 |   172 ||   380
       Broad axe         |       |       |       |   411 |   674 ||  1085
Invok: Heroism           |       |       |       |    12 |    25 ||    37
       Finesse           |       |       |       |     1 |    10 ||    11
  Use: Potion            |       |       |     4 |     7 |     3 ||    14
       Scroll            |       |       |    13 |     6 |    14 ||    33
 Stab: Petrified         |       |       |       |       |     4 ||     4
       Petrifying        |       |       |       |       |     1 ||     1
Armor: Scale mail        |     7 |       |       |       |       ||     7
       Chain mail        |    33 |    40 |   170 |    59 |       ||   302
       Plate armour      |       |       |       |   197 |   447 ||   644
Dodge: Dodged            |    33 |    42 |   134 |   144 |   262 ||   615
Block: Buckler           |    22 |    27 |    85 |   156 |   230 ||   520
       Rpst.: Broad axe  |       |       |       |       |    87 ||    87
